 Dungeon Crawl Stone Soup version 0.28.0-43-g3370ac3207 (webtiles) character file.

Game seed: 12330979547414492978

2611 Pemander the Summoner (level 9, -8/71 HPs)
             Began as a Gnoll Wanderer on Mar 17, 2022.
             Was a Believer of Okawaru.
             Shot with an arrow by a centaur warrior (13 damage)
             ... on level 7 of the Dungeon.
             The game lasted 00:14:25 (9271 turns).

Pemander the Summoner (Gnoll Wanderer)              Turns: 9271, Time: 00:14:26

Health: -8/71      AC:  7    Str: 11    XL:     9   Next: 60%
Magic:  19/19      EV: 13    Int: 18    God:    Okawaru [**....]
Gold:   226        SH:  0    Dex: 10    Spells: 14/21 levels left

rFire   + . .      SeeInvis .   r - +1 short sword (venom)
rCold   + . .      Faith    .   (no shield)
rNeg    . . .      Spirit   .   g - +2 robe {rC+ rF+}
rPois   .          Reflect  .   (no helmet)
rElec   .          Harm     .   t - +0 cloak
rCorr   .          Rampage  .   (no gloves)
Will    .....                   s - +1 pair of boots
Stlth   ++........              (no amulet)
HPRegen 0.21/turn               (no ring)
MPRegen 0.16/turn               (no ring)

@: wereblooded (expiring)
A: fangs 1, strong nose, distributed training
a: Renounce Religion, Heroism


You were on level 7 of the Dungeon.
You worshipped Okawaru.
Okawaru was pleased with you.
You visited 2 branches of the dungeon, and saw 8 of its levels.

You collected 226 gold pieces.

Inventory:

Hand Weapons
 o - a +4 flail of protection
 r - a +1 short sword of venom (weapon)
 u - a +1 spectral quarterstaff
Missiles
 b - 32 stones (quivered)
Armour
 g - a +2 robe of resistance (worn)
 s - a +1 pair of boots (worn)
 t - a +0 cloak (worn)
Wands
 h - a wand of iceblast (13)
 m - a wand of acid (4)
Scrolls
 i - 2 scrolls of teleportation
 j - a scroll of enchant weapon
 q - a scroll of silence
Potions
 a - 4 potions of haste {unknown}
 c - 2 potions of curing
 d - a potion of attraction
 e - a potion of lignification
 f - a potion of might {unknown}
 l - a potion of degeneration {unknown}
 n - a potion of invisibility {unknown}
 p - 4 potions of brilliance {unknown}


   Skills:
 + Level 6.4 Fighting
 + Level 4.4 Short Blades
 + Level 4.4 Long Blades
 + Level 4.4 Axes
 + Level 4.4 Maces & Flails
 + Level 4.4 Polearms
 + Level 4.4 Staves
 + Level 4.4 Slings
 + Level 4.4 Bows
 + Level 4.4 Crossbows
 + Level 4.4 Throwing
 + Level 5.2 Armour
 + Level 4.4 Dodging
 + Level 4.4 Stealth
 + Level 4.4 Shields
 + Level 4.4 Unarmed Combat
 + Level 6.7 Spellcasting
 + Level 3.6 Conjurations
 + Level 3.6 Hexes
 + Level 8.1 Summonings
 + Level 3.6 Necromancy
 + Level 3.6 Translocations
 + Level 3.6 Transmutations
 + Level 3.6 Fire Magic
 + Level 3.6 Ice Magic
 + Level 3.6 Air Magic
 + Level 4.2 Earth Magic
 + Level 3.6 Poison Magic
 + Level 4.8 Invocations
 + Level 4.4 Evocations


You had 14 spell levels left.
You knew the following spells:

 Your Spells              Type           Power      Damage    Failure   Level
a - Flame Wave            Conj/Fire      19%        2d6       26%         4
b - Sandblast             Erth           42%        2d11      1%          1
c - Wereblood             Tmut           19%        N/A       3%          2

Your spell library contained the following spells:

 Spells                   Type           Power      Damage    Failure   Level
 Beastly Appendage        Tmut           38%        N/A       2%          1
 Corpse Rot               Necr/Air       38%        N/A       3%          2
 Poisonous Vapours        Pois/Air       38%        N/A       3%          2
 Scorch                   Fire           38%        2d6       3%          2
 Stone Arrow              Conj/Erth      40%        3d9       7%          3
 Spider Form              Tmut/Pois      19%        N/A       8%          3
 Summon Small Mammal      Summ           Unusable   N/A       N/A         1
 Call Imp                 Summ           Unusable   N/A       N/A         2
 Call Canine Familiar     Summ           Unusable   N/A       N/A         3
 Summon Cactus Giant      Summ           Unusable   N/A       N/A         6

Dungeon Overview and Level Annotations

Branches:
Dungeon (7/15)             Temple (1/1) D:5

Altars:
Ashenzari
Cheibriados
Dithmenos
Elyvilon
Fedhas
Gozag
Hepliaklqana
Kikubaaqudgha
Makhleb
Okawaru
Qazlal
Ru
Trog
Uskayaw
Vehumet
Wu Jian
Xom
Yredelemnul
Zin
The Shining One

Shops:
D:1 ?   D:3 =


Innate Abilities, Weirdness & Mutations

You have very sharp teeth.
Your uncanny sense of smell can sniff out nearby items.
Your experience applies equally to all skills.


Message History

The centaur warrior kicks you but does no damage.
The orc warrior closely misses you.
You closely miss the centaur warrior.
The centaur warrior is heavily wounded.
The centaur warrior hits you. The centaur warrior kicks you.
A wyvern skeleton comes into view.
The orc warrior hits you from afar with a +2 halberd of protection!
* * * LOW HITPOINT WARNING * * *
You feel much better. The centaur warrior hits you!
The centaur warrior barely misses you. The centaur warrior hits you!
The centaur warrior kicks you but does no damage.
The orc warrior hits you from afar with a +2 halberd of protection!
You hit the centaur warrior.
The centaur warrior is poisoned.
The centaur warrior is heavily wounded.
The centaur skeleton barely misses you. The centaur skeleton misses you.
The centaur warrior hits you but does no damage.
The centaur warrior kicks you but does no damage.
You hit the centaur warrior but do no damage.
The centaur warrior looks as sick as possible!
The centaur warrior is heavily wounded.
The centaur skeleton hits you but does no damage.
The centaur skeleton closely misses you.
The orc warrior closely misses you. The centaur warrior closely misses you.
The centaur warrior kicks you but does no damage.
The centaur warrior wields a +0 shortbow.
The centaur warrior shoots an arrow.
The arrow hits you!
* * * LOW HITPOINT WARNING * * *
An iguana comes into view.
An orc warrior comes into view. It is wielding a +0 glaive.
The centaur skeleton completely misses you.
The centaur skeleton barely misses you.
The centaur warrior shoots an arrow.
The arrow closely misses you.
You feel better.
You howl as the wereblood boils in your veins!
Your primal bloodlust is almost over.
A boulder beetle comes into view.
The centaur warrior shoots an arrow.
The arrow hits you!!
* * * LOW HITPOINT WARNING * * *
The centaur warrior shoots an arrow.
The arrow hits you!
You die...

### ######### #######..
♣...♣...♣...♣ #.....#..
♣...#...♣..♣♣♣..)♣#§§
♣♣♣#⌠#♣♣♣♣♣..†♣.♣....
♣...#.).♣..♣♣♣...♣#..
♣...♣...♣...♣♣#.....#..
### #♣l♣##### #######..
♣.♣ #.. ♣♣♣♣♣♣@♣♣♣♣♣♣
#.# ♣.......sZ..♣ #.#
♣........o..♣ ∆ #.#
♣.B+#####c..♣ ∆∆ ♣.
#.ZlD†#o.♣ ∆ ♣
#..Fhg#Z.♣ #..gFF#....
#...Zg#..♣♣# #.....#..♣
∆


You could see a boulder beetle, a centaur warrior (extremely poisoned), 2 orc
warriors, a scorpion, an iguana, a wyvern skeleton and a centaur skeleton.

Vanquished Creatures
  Joseph (D:7)
  A steam dragon (D:7)
  Edmund (D:5)
  An ice beast (D:5)
  2 black bears (D:6)
  2 necrophages (D:7)
  2 ogres
  2 centaurs (D:6)
  A phantom (D:6)
  A bullfrog (D:4)
  3 scorpions
  A bullfrog zombie (D:5)
  A centaur zombie (D:6)
  A jelly (D:5)
  2 hounds
  An orc priest (D:6)
  Crazy Yiuf (D:5)
  A bullfrog skeleton (D:5)
  2 iguanas (D:5)
  3 orc wizards
  A hound skeleton (D:4)
  A howler monkey zombie (D:5)
  A gnoll (D:4)
  A howler monkey skeleton (D:5)
  7 adders
  2 ufetubi (D:6)
  4 worms
  4 dart slugs
  16 orcs
  4 endoplasms
  2 giant cockroaches (D:2)
  10 goblins
  14 hobgoblins
  5 quokkas
  9 ball pythons
  12 bats
  2 frilled lizards
  A kobold (D:4)
  13 rats
139 creatures vanquished.

Vanquished Creatures (collateral kills)
  Sigmund (D:4)
  A vampire bat (D:3)
  A howler monkey (D:5)
  A centaur zombie (D:5)
  Jessica (D:2)
  An iguana (D:5)
  Robin (D:2)
  2 gnolls (D:4)
  A dart slug (D:2)
  3 orcs (D:5)
  An endoplasm (D:2)
  2 goblins (D:2)
  3 bats
19 creatures vanquished.

Vanquished Creatures (others)
  7 fungi (D:3)
  9 plants
16 creatures vanquished.

Grand Total: 174 creatures vanquished

Notes
Turn   | Place    | Note
-------+----------+-------------------------------------------
     0 | D:1      | Pemander the Gnoll Wanderer began the quest for the Orb.
     0 | D:1      | Pemander set off with the following items: a +0 club, 28
                  | stones, a +0 robe, a potion of attraction; and the
                  | following spells available to memorise: Summon Small
                  | Mammal, Call Imp, Call Canine Familiar, Sandblast, Stone
                  | Arrow
     0 | D:1      | Reached XP level 1. HP: 20/20 MP: 6/6
   330 | D:1      | Reached XP level 2. HP: 15/26 MP: 7/7
   692 | D:1      | Found Pozatiut's Magic Scroll Emporium.
  1228 | D:2      | Reached XP level 3. HP: 15/31 MP: 9/9
  1403 | D:2      | Reached skill level 5 in Spellcasting
  1583 | D:2      | Learned a level 3 spell: Call Canine Familiar
  1585 | D:2      | Learned a level 1 spell: Sandblast
  1691 | D:2      | Reached skill level 1 in Invocations
  1850 | D:2      | Noticed Robin
  1878 | D:2      | Reached skill level 1 in Short Blades
  1878 | D:2      | Reached skill level 1 in Long Blades
  1878 | D:2      | Reached skill level 1 in Axes
  1878 | D:2      | Reached skill level 1 in Maces & Flails
  1878 | D:2      | Reached skill level 1 in Polearms
  1878 | D:2      | Reached skill level 1 in Staves
  1878 | D:2      | Reached skill level 1 in Slings
  1878 | D:2      | Reached skill level 1 in Bows
  1878 | D:2      | Reached skill level 1 in Crossbows
  1878 | D:2      | Reached skill level 1 in Throwing
  1878 | D:2      | Reached skill level 1 in Dodging
  1878 | D:2      | Reached skill level 1 in Stealth
  1878 | D:2      | Reached skill level 1 in Shields
  1878 | D:2      | Reached skill level 1 in Unarmed Combat
  1878 | D:2      | Reached skill level 1 in Evocations
  1889 | D:2      | Killed Robin
  1890 | D:2      | Reached XP level 4. HP: 21/38 MP: 3/11
  2068 | D:2      | Noticed Jessica
  2076 | D:2      | Killed Jessica
  2077 | D:2      | Reached skill level 1 in Conjurations
  2077 | D:2      | Reached skill level 1 in Hexes
  2077 | D:2      | Reached skill level 1 in Necromancy
  2077 | D:2      | Reached skill level 1 in Translocations
  2077 | D:2      | Reached skill level 1 in Transmutations
  2077 | D:2      | Reached skill level 1 in Fire Magic
  2077 | D:2      | Reached skill level 1 in Ice Magic
  2077 | D:2      | Reached skill level 1 in Air Magic
  2077 | D:2      | Reached skill level 1 in Poison Magic
  2842 | D:2      | Reached XP level 5. HP: 43/43 MP: 10/12
  3091 | D:3      | Found Odoomodd's Jewellery Emporium.
  3096 | D:3      | Found a faded altar of an unknown god.
  3657 | D:3      | Found a broken altar of Ashenzari.
  3669 | D:3      | Found a white marble altar of Elyvilon.
  4251 | D:3      | Learned a level 2 spell: Wereblood
  4560 | D:4      | Found a sacrificial altar of Ru.
  4570 | D:4      | Reached XP level 6. HP: 50/50 MP: 6/13
  4920 | D:4      | Noticed Sigmund
  4933 | D:4      | Killed Sigmund
  4934 | D:4      | Reached skill level 5 in Fighting
  5071 | D:4      | Reached XP level 7. HP: 44/56 MP: 8/15
  5487 | D:5      | Entered Level 5 of the Dungeon
  5508 | D:5      | Noticed Edmund
  6052 | D:5      | Reached XP level 8. HP: 60/63 MP: 10/16
  6228 | D:5      | Killed Edmund
  6502 | D:5      | Found a staircase to the Ecumenical Temple.
  6617 | Temple   | Entered the Ecumenical Temple
  6791 | Temple   | Became a worshipper of Warmaster Okawaru
  7210 | D:5      | Found a runed translucent door.
  7211 | D:5      | Noticed Crazy Yiuf
  7221 | D:5      | Killed Crazy Yiuf
  7881 | D:6      | Reached * piety under Okawaru
  8262 | D:6      | Reached XP level 9. HP: 69/69 MP: 18/18
  8576 | D:6      | Learned a level 4 spell: Flame Wave
  8784 | D:6      | Noticed a +0 hand axe
  8784 | D:6      | Noticed a +0 hand axe
  8788 | D:6      | Found a hide-covered altar of Uskayaw.
  8883 | D:7      | Reached skill level 5 in Armour
  8883 | D:7      | Reached skill level 8 in Summonings
  8955 | D:7      | Noticed Joseph
  8977 | D:7      | Killed Joseph
  8977 | D:7      | Reached ** piety under Okawaru
  9246 | D:7      | Noticed a centaur warrior
  9270 | D:7      | Noticed a boulder beetle
  9271 | D:7      | Shot with an arrow by a centaur warrior

Illustrated notes

Levels and vault maps discovered:
D:1:      dpeg_arrival_ratfight, layout_rooms, serial_shops, shop,
          minmay_indecisive_spiral
D:2:      layout_loops_corners, st_stairs_10, grunt_ministairs_4, uniq_robin,
          uniq_jessica
D:3:      layout_basic, nicolae_overflow_squiral,
          dreamdust_ecumenical_altar_grove, serial_shops, shop, roderic_batcave
D:4:      layout_cave_pools, nicolae_ru_great_annihilating_truth, uniq_sigmund
D:5:      layout_cave_pools, minmay_temple_entry_statues, uniq_edmund,
          uniq_crazy_yiuf_cottage
D:6:      layout_basic, dancing_weapons_uskayaw
D:7:      nzn_winding_woodlands_large [nzn_winding_woodlands_5x5_open_star,
          nzn_winding_woodlands_5x15_concentric,
          nzn_winding_woodlands_5x5_default,
          nzn_winding_woodlands_center_garden,
          nzn_winding_woodlands_15x15_killbox,
          nzn_winding_woodlands_center_triple_pond,
          nzn_winding_woodlands_hourglass, nzn_winding_woodlands_5x15_twine,
          nzn_winding_woodlands_5x5_checkerboard], layout_basic, enter_bailey_3,
          uniq_joseph
Temple:   eino_temple_rhombus

Skill      XL: |  1  2  3  4  5  6  7  8  9 |
---------------+----------------------------+-----
Earth Magic    | 2 3 4 |  4.2
Spellcasting   | 5 6 |  6.7
Invocations    | 1 2 3 4 |  4.8
Short Blades   | 1 2 3 4 |  4.4
Long Blades    | 1 2 3 4 |  4.4
Axes           | 1 2 3 4 |  4.4
Maces & Flails | 1 2 3 4 |  4.4
Polearms       | 1 2 3 4 |  4.4
Staves         | 1 2 3 4 |  4.4
Slings         | 1 2 3 4 |  4.4
Bows           | 1 2 3 4 |  4.4
Crossbows      | 1 2 3 4 |  4.4
Throwing       | 1 2 3 4 |  4.4
Dodging        | 1 2 3 4 |  4.4
Stealth        | 1 2 3 4 |  4.4
Shields        | 1 2 3 4 |  4.4
Unarmed Combat | 1 2 3 4 |  4.4
Evocations     | 1 2 3 4 |  4.4
Conjurations   | 1 2 3 |  3.6
Hexes          | 1 2 3 |  3.6
Necromancy     | 1 2 3 |  3.6
Translocations | 1 2 3 |  3.6
Transmutations | 1 2 3 |  3.6
Fire Magic     | 1 2 3 |  3.6
Ice Magic      | 1 2 3 |  3.6
Air Magic      | 1 2 3 |  3.6
Poison Magic   | 1 2 3 |  3.6
Armour         | 3 4 5 |  5.2
Fighting       | 5 6 |  6.4
Summonings     | 8 |  8.1

Action                   |  1- 3 |  4- 6 |  7- 9 || total
-------------------------+-------+-------+-------++-------
Melee: Club              |   138 |    22 |       ||   160
       Bite              |    14 |     7 |    21 ||    42
       Punch             |     2 |     1 |    10 ||    13
       Mace              |       |    60 |    62 ||   122
       Short sword       |       |       |   135 ||   135
       Flail             |       |       |    12 ||    12
 Cast: Sandblast         |     8 |    82 |    55 ||   145
       Call Canine Famil |     2 |     5 |     7 ||    14
       Wereblood         |       |     2 |     5 ||     7
  Use: Scroll            |       |     9 |     4 ||    13
       Potion            |       |       |     4 ||     4
 Stab: Sleeping          |     2 |     1 |     6 ||     9
       Paralysed         |       |     1 |       ||     1
       Distracted        |       |       |     1 ||     1
Armor: Robe              |    44 |    50 |   113 ||   207
       Skin              |       |       |     1 ||     1
Dodge: Dodged            |    97 |    80 |   214 ||   391
